Map: Incorporeal LE

Players

Claw

  • Race: Zerg Zerg
  • League: Master
  • Spawn Location: 11:00

Pilot - Winner!

  • Race: Protoss Protoss
  • League: Grandmaster
  • Spawn Location: 5:00

VOD

Have the link to the VOD?

Description

teste vs toss 4700

Time

  • Played on: April 29, 2025, 5:29 p.m.
  • Length: 15:23
Show
View Real Time Build Order
Export as new Build Order

Claw Zerg 

Build Orders: Pool First 

Get SALT Encoding   

  12  0:00  Drone  
  13  0:08  Drone  
  14  0:14  Extractor  
  14  0:15  Drone  
  15  0:22  Overlord  
  15  0:37  Spawning Pool  
  15  0:40  Drone  
  15  0:44  Drone  
  15  0:48  Drone  
  17  1:07  Hatchery  
  16  1:11  Drone  
  17  1:23  Zergling x4  
  19  1:36  Hatchery  
  18  1:46  Queen  
  20  1:51  Overlord  
  20  1:57  Drone x2  
  22  2:11  Drone  
  23  2:21  Queen  
  25  2:25  Drone x3  
  28  2:33  Drone  
  29  2:45  Drone  
  29  2:49  Hatchery  
  29  2:51  Zergling x6  
  38  3:05  Drone x6  
  38  3:10  Zergling x4  
  40  3:16  Overlord  
  40  3:23  Drone x2  
  42  3:33  Extractor  
  42  3:34  Spore Crawler, Extractor  
  40  3:35  Spore Crawler, Drone x4  
  40  3:36  Drone  
  43  3:50  Drone x7  
  50  4:06  Queen  
  52  4:10  Extractor  
  52  4:14  Drone x3  
  52  4:15  Drone  
  56  4:17  Overlord x2  
  52  4:31  Drone  
  52  4:32  Drone  
  52  4:33  Metabolic Boost  
  52  4:35  Drone x2  
  56  4:47  Spore Crawler, Drone x11  
  66  4:55  Overlord  
  66  4:56  Overlord  
  66  4:58  Lair  
  66  5:01  Evolution Chamber  
  66  5:04  Extractor  
  66  5:05  Extractor  
  63  5:07  Extractor  
  63  5:08  Extractor, Drone x2  
  63  5:09  Drone  
  64  5:15  Drone  
  64  5:16  Drone x2  
  64  5:17  Drone x3  
  64  5:18  Overlord x2  
  70  5:25  Drone x3  
  70  5:26  Drone x3  
  76  5:29  Zerg Melee Weapons Level 1  
  76  5:32  Overlord  
  76  5:44  Zergling x2, Hatchery  
  76  5:45  Zergling x8  
  80  5:55  Overlord  
  80  6:01  Spire  
  79  6:05  Zergling x2  
  79  6:06  Zergling x16  
  79  6:08  Overlord  
  84  6:33  Overlord  
  84  6:34  Overlord  
  84  6:38  Queen  
  84  6:39  Overlord x4  
  75  6:59  Queen  
  77  7:14  Mutalisk x9, Zerg Flyer Weapons Level 1  
  77  7:15  Mutalisk  
  97  7:19  Hatchery  
  96  7:24  Zerg Melee Weapons Level 2  
  96  7:25  Mutalisk  
  96  7:28  Zergling x10  
  103  7:38  Zergling x18  
  112  7:51  Zergling x20  
  112  7:52  Zergling x2  
  122  8:07  Mutalisk  
  122  8:08  Mutalisk x5  
  126  8:18  Mutalisk x3  
  130  8:29  Zergling x2  
  130  8:30  Zergling x24  
  142  8:41  Mutalisk x4  
  113  9:04  Mutalisk x3  
  113  9:12  Mutalisk x2  
  113  9:14  Zergling x34  
  130  9:33  Infestation Pit  
  130  9:34  Drone x12  
  132  9:57  Zergling x32  
  140  10:13  Zergling x18  
  145  10:16  Hive  
  145  10:18  Drone x4  
  145  10:19  Extractor  
  145  10:20  Extractor  
  147  10:24  Mutalisk x4  
  155  10:29  Zerg Ground Armor Level 1  
  155  10:34  Mutalisk x3  
  155  10:56  Mutalisk x6  
  132  11:13  Mutalisk  
  132  11:14  Mutalisk  
  132  11:18  Zergling x36  
  141  11:34  Ultralisk Cavern  
  141  11:39  Overlord x4  
  140  11:40  Zergling x2  
  140  11:41  Zergling x10  
  147  11:54  Zergling x28  
  147  12:00  Zerg Flyer Weapons Level 2  
  160  12:07  Hatchery  
  159  12:16  Zergling x24  
  169  12:23  Zerg Melee Weapons Level 3, Ultralisk  
  169  12:24  Overlord x2  
  173  12:37  Ultralisk  
  173  12:38  Ultralisk  
  184  12:47  Ultralisk  
  184  12:50  Adrenal Glands  
  188  13:04  Ultralisk  
  188  13:05  Ultralisk  
  138  13:42  Zergling x46  
  138  13:43  Zergling x20  
  125  14:01  Anabolic Synthesis  
  118  14:14  Zergling x16  
  118  14:15  Zergling x4  
  110  14:34  Ultralisk  
Show
View Real Time Build Order
Export as new Build Order

Pilot Protoss - Winner!

Build Orders: Oracle Opening 

Get SALT Encoding   

  12  0:00  Probe  
  13  0:12  Probe  
  14  0:20  Pylon  
  14  0:24  Probe  
  15  0:35  Probe  
  15  0:39  Gateway  
  16  0:43  Probe  
  17  0:52  Probe  
  17  0:53  Assimilator  
  18  1:04  Probe  
  19  1:20  Zealot  
  19  1:25  Gateway  
  19  1:27  Cybernetics Core  
  19  1:32  Pylon  
  21  1:43  Probe  
  22  1:47  Zealot  
  24  1:55  Probe  
  25  2:06  Nexus  
  25  2:14  Adept  
  27  2:18  Adept  
  27  2:21  Warp Gate  
  29  2:30  Probe  
  29  2:31  Assimilator  
  30  2:51  Pylon  
  30  3:00  Probe  
  31  3:10  Stargate  
  31  3:12  Probe  
  32  3:20  Probe  
  32  3:24  Probe  
  32  3:25  Adept  
  36  3:32  Probe  
  37  3:36  Probe  
  38  3:42  Probe  
  38  3:45  Probe  
  38  3:48  Oracle  
  40  3:50  Probe  
  40  3:53  Probe  
  41  3:58  Probe  
  41  4:02  Probe  
  47  4:11  Probe  
  47  4:14  Probe  
  49  4:23  Probe  
  50  4:27  Probe  
  47  4:33  Oracle  
  47  4:35  Probe  
  51  4:39  Probe  
  51  4:42  Nexus  
  51  4:45  Pylon  
  48  4:46  Stalker  
  48  4:47  Probe, Stalker  
  48  4:51  Probe  
  54  4:56  Twilight Council  
  54  4:59  Forge  
  54  5:03  Probe x2  
  56  5:09  Assimilator, Stalker  
  56  5:11  Assimilator  
  58  5:15  Probe x2  
  60  5:27  Blink, Probe x2, Protoss Ground Weapons Level 1  
  62  5:28  Gateway  
  62  5:45  Pylon  
  62  5:46  Pylon  
  62  5:47  Oracle  
  62  5:50  Pylon  
  62  5:54  Probe x2  
  64  5:59  Probe  
  64  6:03  Gateway  
  68  6:06  Probe x2  
  70  6:11  Probe  
  70  6:12  Pylon  
  67  6:18  Probe x2  
  67  6:22  Stalker  
  67  6:23  Probe, Stalker x2  
  76  6:30  Probe x2  
  77  6:36  Probe  
  78  6:42  Probe x2, Gateway x2  
  78  6:44  Gateway  
  78  6:45  Photon Cannon  
  80  6:48  Probe  
  80  6:49  Shield Battery  
  80  6:50  Stalker x2  
  80  6:51  Stalker  
  83  6:55  Probe x2  
  83  7:00  Probe  
  86  7:04  Pylon  
  86  7:05  Pylon  
  86  7:07  Probe x2  
  88  7:10  Assimilator  
  88  7:11  Assimilator  
  88  7:12  Probe, Stalker  
  91  7:15  Stalker x3  
  91  7:21  Robotics Facility  
  97  7:29  Photon Cannon, Gateway  
  97  7:32  Charge  
  97  7:36  Stalker  
  99  7:38  Stalker x2  
  103  7:49  Probe  
  104  7:59  Stalker x3, Protoss Ground Weapons Level 2  
  107  8:07  Phoenix  
  107  8:08  Nexus  
  107  8:11  Pylon  
  107  8:12  Pylon  
  106  8:20  Photon Cannon  
  106  8:25  Photon Cannon  
  106  8:26  Zealot x7  
  106  8:27  Zealot  
  122  8:32  Phoenix  
  124  8:44  Photon Cannon  
  124  8:46  Photon Cannon  
  124  8:48  Photon Cannon  
  117  8:57  Phoenix  
  98  9:08  Stalker x8  
  94  9:19  Probe  
  94  9:22  Phoenix  
  94  9:23  Photon Cannon  
  97  9:32  Templar Archives  
  97  9:33  Stalker x7  
  111  9:40  Photon Cannon  
  111  9:42  Shield Battery  
  105  9:57  Pylon  
  103  10:00  Pylon, Probe x2  
  103  10:03  Stalker x5  
  107  10:18  Phoenix  
  109  10:38  Photon Cannon  
  109  10:39  Shield Battery  
  108  10:43  Phoenix  
  109  10:54  Zealot x3  
  109  10:55  Zealot x5  
  105  11:15  Zealot x6  
  111  11:27  Gateway  
  111  11:29  Gateway  
  111  11:30  Photon Cannon x2, Phoenix  
  113  11:33  Pylon  
  113  11:41  High Templar x3  
  113  11:42  High Templar x3  
  113  11:46  Archon x3  
  125  12:01  Pylon  
  121  12:23  High Templar x7  
  121  12:24  High Templar  
  121  12:27  Archon x4  
  137  12:31  Gateway  
  137  12:37  Photon Cannon, Gateway  
  137  12:40  Photon Cannon  
  137  12:41  Photon Cannon  
  137  12:43  Shield Battery  
  135  12:50  Zealot x2  
  139  12:56  Zealot x5  
  142  13:08  Zealot  
  144  13:17  Zealot x2  
  148  13:24  Pylon  
  148  13:27  Pylon  
  114  13:42  Stalker x10  
  87  14:11  High Templar x10  
  103  14:18  Archon x2  
  103  14:19  Archon x3  
  93  14:43  Zealot x9, Nexus  
  109  14:55  Zealot  
  111  15:08  Zealot x8  
Tags
 
Add a new tag
Caveats
  • Supply blocks, unpowered buildings, or Contaminate may cause inaccurate times.
  • Supply counts are checked every 10 seconds.